 Dungeon Crawl Stone Soup version 0.23-a0-49-gd9f7a49668 (webtiles) character file.

44428 GordonOverkill the Black Sun (level 13, -6/106 HPs)
             Began as a Mummy Necromancer on Aug 6, 2018.
             Was a High Priest of Kikubaaqudgha.
             Mangled by a sixfirhy (10 damage)
             ... summoned by an orc high priest
             ... on level 2 of the Orcish Mines.
             The game lasted 01:14:43 (31198 turns).

GordonOverkill the Black Sun (Mummy Necromancer)   Turns: 31198, Time: 01:14:43

Health: -6/106     AC: 14    Str: 12    XL:     13   Next: 96%
Magic:  30/30      EV: 15    Int: 19    God:    Kikubaaqudgha [*****.]
Gold:   1972       SH:  0    Dex: 12    Spells: 10/38 levels left

rFire    x . .     SeeInvis .   a - +9 hunting sling (elec)
rCold    + . .     Gourm    .   (no shield)
rNeg     + + +     Faith    .   y - +0 robe of Xuxzisue {Slay+5}
rPois    ∞         Spirit   .   A - +1 helmet
rElec    .         Reflect  .   C - +2 cloak
rCorr    .         Harm     .   t - +2 pair of gloves
MR       ++...                  g - +2 pair of boots
Stlth    ++........             (no amulet)
HPRegen  0.27/turn              m - ring of protection from magic
MPRegen  0.22/turn              P - +1 ring of slaying

@: very slightly contaminated
A: no food or potions, fire vulnerability, cold resistance 1, negative energy
resistance 3, torment resistance, unbreathing, in touch with death 1
a: Receive Corpses, Torment, Renounce Religion


You were on level 2 of the Orcish Mines.
You worshipped Kikubaaqudgha.
Kikubaaqudgha was extremely pleased with you.
You were not hungry.

You visited 4 branches of the dungeon, and saw 21 of its levels.
You also visited: Labyrinth.

You collected 1972 gold pieces.

Inventory:

Hand Weapons
 a - a +9 hunting sling of electrocution (weapon)
 b - a +1 spear of pain
 e - a +0 trident
 w - the +9 dagger "Pooryixy" {pierce, rElec MR+ Str+3}
   (You found it on level 5 of the Lair of Beasts)

   It inflicts extra damage upon your enemies.
   It affects your strength (+3).
   It insulates you from electricity.
   It affects your resistance to hostile enchantments.
 L - a +1 war axe of flaming
Missiles
 d - 254 stones (quivered)
 z - 26 tomahawks
 E - 17 javelins
Armour
 g - a +2 pair of boots (worn)
 p - a +3 ring mail
 t - a +2 pair of gloves (worn)
 y - the +0 robe of Xuxzisue (worn) {Slay+5}
   (You found it in a labyrinth)

   It affects your accuracy and damage with ranged weapons and melee attacks
   (+5).
 A - a +1 helmet (worn)
 C - a +2 cloak (worn)
 G - a +0 shield
 M - a +1 troll leather armour {Snorg}
Magical Staves
 F - an uncursed staff of power
Jewellery
 h - an uncursed ring of resist corrosion
 m - a ring of protection from magic (left hand)
 O - an uncursed ring of protection from cold
 P - a +1 ring of slaying (right hand)
Wands
 o - a wand of paralysis (3)
 s - a wand of digging (15)
 u - a wand of flame (22)
 v - a wand of polymorph (57)
 I - a wand of acid (8)
 J - a wand of random effects (27)
 K - a wand of iceblast (10)
Scrolls
 c - a scroll of silence
 f - 10 scrolls of remove curse
 i - 3 scrolls of identify
 k - 9 scrolls of teleportation
 l - 7 scrolls of fear
 n - a scroll of immolation
 x - 2 scrolls of fog
 B - 4 scrolls of amnesia
 D - 2 scrolls of torment
 H - 2 scrolls of magic mapping
 N - a scroll of enchant weapon


   Skills:
 + Level 11.2 Fighting
 - Level 6.0 Slings
 - Level 5.0 Armour
 - Level 7.0 Dodging
 - Level 2.0 Stealth
 - Level 13.0 Spellcasting
 - Level 13.0 Necromancy
 - Level 2.0 Translocations
 - Level 5.0 Evocations


You had 10 spell levels left.
You knew the following spells:

 Your Spells              Type           Power        Failure   Level  Hunger
a - Pain                  Necr           ####         1%          1    N/A
b - Animate Skeleton      Necr           N/A          1%          1    N/A
c - Vampiric Draining     Necr           #######...   1%          3    N/A
d - Animate Dead          Necr           N/A          1%          4    N/A
e - Blink                 Tloc           N/A          3%          2    N/A
f - Agony                 Necr           #######.     1%          5    N/A
g - Dispel Undead         Necr           #######.     1%          5    N/A
h - Death Channel         Necr           #######...   4%          6    N/A
i - Apportation           Tloc           ###...       2%          1    N/A

Your spell library contained the following spells:

 Spells                   Type           Power        Failure   Level  Hunger
 Magic Dart               Conj           ##..         5%          1    N/A
 Conjure Flame            Conj/Fire      ##......     16%         3    N/A
 Bolt of Cold             Conj/Ice       ##........   100%        6    N/A
 Lightning Bolt           Conj/Air       ##........   83%         5    N/A
 Slow                     Hex            ##......     9%          2    N/A
 Confuse                  Hex            ##......     16%         3    N/A
 Invisibility             Hex            ##......     100%        6    N/A
 Freezing Cloud           Conj/Ice/Air   ##........   100%        6    N/A
 Mephitic Cloud           Conj/Pois/Air  ##......     16%         3    N/A
 Ozocubu's Refrigeration  Ice            ##........   100%        6    N/A
 Call Imp                 Summ           ##......     9%          2    N/A
 Regeneration             Chrm/Necr      ######....   1%          3    N/A
 Tukima's Dance           Hex            ##......     16%         3    N/A
 Corpse Rot               Necr           N/A          1%          2    N/A
 Shock                    Conj/Air       ##..         5%          1    N/A
 Swiftness                Chrm/Air       ##......     9%          2    N/A
 Ice Form                 Ice/Tmut       ##......     47%         4    N/A
 Airstrike                Air            ##........   47%         4    N/A
 Confusing Touch          Hex            ##....       5%          1    N/A
 Flame Tongue             Conj/Fire      ##...        5%          1    N/A
 Ensorcelled Hibernation  Hex/Ice        ##....       9%          2    N/A
 Metabolic Englaciation   Hex/Ice        ##........   83%         5    N/A
 Summon Butterflies       Summ           ##......     5%          1    N/A
 Shatter                  Erth           ##........   100%        9    N/A
 Static Discharge         Conj/Air       ##......     16%         3    N/A
 Alistair's Intoxication  Tmut/Pois      ##......     83%         5    N/A
 Simulacrum               Ice/Necr       ######....   50%         6    N/A
 Excruciating Wounds      Chrm/Necr      ######....   11%         5    N/A
 Petrify                  Tmut/Erth      ##......     47%         4    N/A
 Tornado                  Air            ##........   100%        9    N/A
 Dazzling Spray           Conj/Hex       ##....       16%         3    N/A
 Gell's Gravitas          Tloc           ###.......   7%          3    N/A
 Yara's Violent Unravell  Hex/Tmut       ##........   83%         5    N/A
 Lesser Beckoning         Tloc           ###.......   7%          3    N/A
 Ignition                 Fire           ##........   100%        8    N/A

Dungeon Overview and Level Annotations

Branches:
Dungeon (12/15)            Temple (1/1) D:6            Lair (6/6) D:8
  Swamp (0/4) Lair:4       Spider (0/4) Lair:4        Slime (0/5) Lair:6
    Orc (2/2) D:12            Elf (0/3) Orc:2

Altars:
Ashenzari
Cheibriados
Dithmenos
Elyvilon
Fedhas
Gozag
Hepliaklqana
Kikubaaqudgha
Makhleb
Nemelex Xobeh
Okawaru
Qazlal
Ru
Sif Muna
Trog
Uskayaw
Vehumet
Wu Jian
Xom
Yredelemnul
Zin
The Shining One

Shops:
D:12 %

Annotations:
D:3 1 runed door, Tinylith's ghost, amateur NaEn
D:8 2 transporters, temitten's ghost, novice TrBe


Innate Abilities, Weirdness & Mutations

You do not eat or drink.
Your flesh is vulnerable to fire.
You are immune to poison.
Your flesh is cold resistant. (rC+)
You are immune to negative energy. (rN+++)
You are immune to unholy pain and torment.
You can survive without breathing.
You are in touch with the powers of death.


Message History

* * * LOW HITPOINT WARNING * * *
The sixfirhy misses you.
The orc high priest calls upon Beogh to heal the orc warrior.
The orc warrior is healed somewhat.
The sixfirhy hits you but does no damage.
Blink to where?
Press: ? - help, Dir - move target cursor, p - sixfirhy You are very lightly contaminated with residual magic.
As you read the scroll of blinking, it crumbles to dust.
Things that are here:
a dagger; a robe; an orc corpse The sixfirhy hits you!
* * * LOW HITPOINT WARNING * * *
The sixfirhy shocks you!
* * * LOW HITPOINT WARNING * * *
Okay, then.
As you read the scroll of summoning, it crumbles to dust.
Wisps of shadow whirl around you... The sixfirhy hits you!
You die...
Kikubaaqudgha rasps: "You have failed me!
Welcome... oblivion!"

....##...#................)......
...#.............................
............[#...................
.........##)............)).....#.
.........)#.)........[))#..).)[..
.........).).##......[[.[...[....
#......)).#.####......[..[[..)..)
.............###..O...)..###.....
#...........#...@3.......##......
.................#h#..#.##.....).
.....#.....#....#..)...###.......
...<......##....##.#....#...3#...
##...#.####....####.........##.o.
###.#### #.....# ##..#......##.#
### ##..... #......#.#...o ###..
##..#..##....# #......##.#.#


You could see a sixfirhy, a friendly two-headed ogre and a friendly warg.

Vanquished Creatures
  A minotaur (Lab)
  A dire elephant (Lair:5)
  Josephine (Orc:1)
  3 hydras
  A deep troll shaman (Lair:6)
  5 death yaks
  2 orc high priests (Orc:2)
  Urug (Orc:2)
  Nergalle (Lair:1)
  2 orc knights
  3 orc sorcerers (Orc:2)
  2 cyclopes
  Maurice (D:9)
  11 elephants
  2 black mambas
  7 spiny frogs
  A rime drake (Lair:6)
  5 komodo dragons
  A troll (D:12)
  2 polar bears
  A hornet (D:10)
  4 hippogriffs
  A redback (Lair:4)
  3 hogs (D:10)
  5 wraiths (Orc:2)
  6 wyverns
  27 yaks
  2 hungry ghosts
  A human (D:10)
  Grum (D:9)
  A basilisk (Lair:2)
  Menkaure (D:7)
  3 wargs
  2 hell hounds (D:8)
  9 water moccasins
  6 porcupines
  17 orc warriors
  A sky beast (D:9)
  An ice beast (D:7)
  A black bear (Lair:5)
  An eye of draining (D:11)
  A phantom (D:5)
  13 ogres
  2 centaurs
  18 wolves
  5 big kobolds
  7 crocodiles
  14 bullfrogs
  3 gnoll sergeants (D:12)
  A wyvern zombie (D:9)
  2 scorpions
  A wyvern skeleton (D:6)
  3 wights (D:10)
  4 electric eels
  A howler monkey (D:4)
  5 crimson imps
  A quasit (D:10)
  Crazy Yiuf (D:7)
  4 jellies
  17 orc wizards
  A centaur skeleton (D:5)
  3 hounds
  2 bullfrog skeletons
  11 orc priests
  Natasha (thrice) (D:2)
  2 iguanas
  4 worker ants
  4 gnolls (D:12)
  12 adders
  A shadow imp (D:6)
  3 oozes
  A dart slug (D:3)
  A leopard gecko (D:1)
  48 orcs
  2 giant cockroaches
  15 goblins
  11 hobgoblins
  14 jackals
  6 quokkas
  3 ball pythons
  9 bats
  3 frilled lizards
  19 kobolds
  5 rats
  A fungus (D:7)
434 creatures vanquished.

Vanquished Creatures (collateral kills)
  Rupert (D:12)
  Snorg (D:11)
  A catoblepas (Lair:5)
  An orc high priest (Orc:2)
  An ugly thing (D:11)
  A spiny frog (Lair:3)
  A komodo dragon (Lair:3)
  2 hippogriffs
  4 yaks
  A wyvern (D:8)
  A hungry ghost (D:12)
  A water moccasin (Lair:4)
  A phantom (D:10)
  6 wolves (Lair:2)
  A crocodile (Lair:1)
  2 bullfrogs
  A howler monkey (D:6)
  A crimson imp (D:9)
  A jelly (D:8)
  An orc wizard (D:9)
  2 adders
  A worm (D:2)
  3 orcs
  A giant cockroach (D:2)
  2 goblins (D:3)
  A jackal (D:1)
  A quokka (D:12)
  A bat (D:2)
  A frilled lizard (D:2)
  A rat (D:2)
  A fungus (Lair:6)
  2 plants (Lair:1)
47 creatures vanquished.

Vanquished Creatures (others)
  8 bushes (D:11)
  4 fungi
  6 plants
18 creatures vanquished.

Grand Total: 499 creatures vanquished

Notes
Turn   | Place    | Note
-------+----------+-------------------------------------------
     0 | D:1      | GordonOverkill the Mummy Necromancer began the quest for the Orb.
     0 | D:1      | Reached XP level 1. HP: 13/13 MP: 4/4
   167 | D:1      | Reached XP level 2. HP: 9/20 MP: 0/5
   381 | D:1      | Learned a level 1 spell: Animate Skeleton
  1038 | D:1      | Reached XP level 3. HP: 20/25 MP: 0/7
  1043 | D:1      | Learned a level 3 spell: Vampiric Draining
  1230 | D:1      | Reached skill level 1 in Fighting
  1534 | D:2      | Noticed an ogre
  1591 | D:3      | Found a runed door.
  1593 | D:3      | Noticed Tinylith's ghost (amateur NaEn)
  1808 | D:3      | Found a glowing golden altar of the Shining One.
  1868 | D:2      | Reached XP level 4. HP: 32/32 MP: 6/8
  1874 | D:2      | Learned a level 4 spell: Animate Dead
  2032 | D:2      | Killed an ogre
  2032 | D:2      | Reached skill level 5 in Necromancy
  2032 | D:2      | Reached XP level 5. HP: 38/38 MP: 6/10
  2231 | D:2      | Noticed Natasha
  2242 | D:2      | Killed Natasha
  2496 | D:2      | Noticed Natasha
  2499 | D:2      | Killed Natasha
  2544 | D:2      | Noticed Natasha
  2552 | D:2      | Killed Natasha
  2954 | D:3      | Reached XP level 6. HP: 41/46 MP: 9/12
  3595 | D:4      | You fall through a shaft!
  3595 | D:5      | Entered Level 5 of the Dungeon
  4047 | D:5      | Found a shimmering altar of Xom.
  4079 | D:5      | Reached XP level 7. HP: 43/52 MP: 14/14
  4149 | D:5      | Reached skill level 5 in Spellcasting
  4701 | D:5      | Learned a level 2 spell: Blink
  4934 | D:6      | Reached XP level 8. HP: 44/60 MP: 16/16
  5157 | D:6      | Reached skill level 1 in Translocations
  5406 | D:6      | Found a staircase to the Ecumenical Temple.
  5412 | Temple   | Entered the Ecumenical Temple
  5598 | Temple   | Became a worshipper of Kikubaaqudgha
  6452 | D:7      | Noticed Menkaure
  6466 | D:7      | Killed Menkaure
  6581 | D:7      | Reached skill level 5 in Fighting
  7619 | D:7      | Found a runed door.
  7624 | D:7      | Noticed Crazy Yiuf
  7628 | D:7      | Killed Crazy Yiuf
  7757 | D:8      | Found a staircase to the Lair.
  7775 | D:8      | Reached XP level 9. HP: 68/68 MP: 18/20
  7834 | D:8      | Reached skill level 1 in Armour
  8054 | D:8      | Found a transporter.
  8056 | D:8      | Noticed temitten's ghost (novice TrBe)
  8059 | D:8      | Found a transporter.
  8143 | D:8      | Reached * piety under Kikubaaqudgha
  8143 | D:8      | Identified Kikubaaqudgha's Incunabulum of Darkness (Kikubaaqudgha gifted it to you on level 8 of the Dungeon)
  8143 | D:8      | Received a gift from Kikubaaqudgha
  8907 | D:9      | Noticed Grum
  9057 | D:9      | Killed Grum
  9057 | D:9      | Reached skill level 10 in Necromancy
  9869 | D:8      | Reached skill level 10 in Spellcasting
 10192 | D:9      | Noticed Maurice
 10398 | D:9      | Killed Maurice
 10398 | D:9      | Reached skill level 1 in Evocations
 10398 | D:9      | Reached XP level 10. HP: 55/74 MP: 11/24
 10929 | D:9      | Found a blossoming altar of Fedhas.
 10929 | D:9      | Found a white marble altar of Elyvilon.
 10930 | D:9      | Found a deep blue altar of Sif Muna.
 11453 | D:10     | Entered Level 10 of the Dungeon
 11837 | D:10     | Reached ** piety under Kikubaaqudgha
 13488 | D:11     | Noticed a cyan ugly thing
 13563 | Lair:1   | Entered Level 1 of the Lair of Beasts
 13563 | Lair:1   | Noticed a black mamba
 13574 | D:8      | Killed a black mamba
 13918 | D:8      | Reached XP level 11. HP: 40/84 MP: 14/26
 14701 | Lair:1   | Noticed Nergalle
 14726 | Lair:1   | Killed Nergalle
 16096 | Lair:2   | Noticed a six-headed hydra
 16222 | Lair:1   | Reached *** piety under Kikubaaqudgha
 16222 | Lair:1   | Identified Kikubaaqudgha's Collected Works on Black Rituals (Kikubaaqudgha gifted it to you on level 1 of the Lair of Beasts)
 16222 | Lair:1   | Received a gift from Kikubaaqudgha
 16233 | Lair:1   | Learned a level 5 spell: Agony
 16239 | Lair:1   | Learned a level 5 spell: Dispel Undead
 16246 | Lair:1   | Learned a level 6 spell: Death Channel
 16637 | Lair:1   | Reached skill level 10 in Fighting
 18984 | Lair:3   | Reached XP level 12. HP: 78/99 MP: 23/27
 19761 | Lair:3   | Killed a six-headed hydra
 19953 | Lair:4   | Found a hole to the Spider Nest.
 19957 | Lair:4   | Found a labyrinth entrance.
 19972 | Lab      | Entered a labyrinth
 20161 | Lab      | Noticed a minotaur
 20185 | Lab      | Killed a minotaur
 20210 | Lab      | Identified Nikhue's Disquisition on Icy Combat Magic
 20247 | Lab      | Got a shimmering robe
 20258 | Lab      | Identified the cursed +0 robe of Xuxzisue {Slay+5} (You found it in a labyrinth)
 20478 | Lair:4   | Found a staircase to the Swamp.
 20510 | Lair:4   | Learned a level 1 spell: Apportation
 20782 | Lair:4   | Noticed a seven-headed hydra
 20790 | Lair:4   | Killed a seven-headed hydra
 22121 | Lair:5   | Got a translucent flail
 22124 | Lair:5   | Identified the +5 flail "Dischym" {protect, rElec rC+} (You found it on level 5 of the Lair of Beasts)
 22139 | Lair:5   | Got a bloodstained dagger
 22140 | Lair:5   | Identified the +9 dagger "Pooryixy" {pierce, rElec MR+ Str+3} (You found it on level 5 of the Lair of Beasts)
 22991 | Lair:6   | Entered Level 6 of the Lair of Beasts
 23052 | Lair:6   | Reached skill level 1 in Slings
 23279 | Lair:6   | Reached skill level 5 in Evocations
 23538 | Lair:6   | Noticed a seven-headed hydra
 23548 | Lair:6   | Killed a seven-headed hydra
 23750 | Lair:6   | Reached skill level 5 in Dodging
 23931 | Lair:6   | Found a staircase to the Slime Pits.
 24212 | Lair:6   | Reached **** piety under Kikubaaqudgha
 24323 | Lair:6   | Noticed a catoblepas
 24323 | Lair:6   | Noticed a death yak
 24323 | Lair:6   | Noticed a death yak
 24323 | Lair:6   | Noticed a death yak
 24323 | Lair:6   | Noticed a death yak
 24323 | Lair:6   | Noticed a death yak
 24337 | Lair:6   | Killed a death yak
 24340 | Lair:6   | Noticed a deep troll shaman
 24619 | Lair:5   | Killed a catoblepas
 24619 | Lair:5   | Gained mutation: You are in touch with the powers of death. [Mummy growth]
 24619 | Lair:5   | Reached XP level 13. HP: 80/106 MP: 26/29
 25802 | Lair:6   | Noticed a dire elephant
 26517 | Lair:5   | Killed a dire elephant
 27435 | D:11     | Noticed Snorg
 27564 | D:11     | Killed Snorg
 27668 | D:11     | Reached skill level 5 in Armour
 28098 | D:12     | Reached skill level 5 in Slings
 28204 | D:12     | Noticed Rupert
 28236 | D:12     | Killed Rupert
 28495 | D:12     | Found Upumul's Food Boutique.
 28511 | D:12     | Found a staircase to the Orcish Mines.
 28775 | Orc:1    | Entered Level 1 of the Orcish Mines
 29566 | Orc:1    | Found a frozen archway.
 29796 | Orc:1    | Found a bloodstained altar of Trog.
 30054 | Orc:2    | Entered Level 2 of the Orcish Mines
 30055 | Orc:2    | Found an iron altar of Okawaru.
 30083 | Orc:2    | Found a staircase to the Elven Halls.
 30084 | Orc:2    | Noticed Urug
 30090 | Orc:2    | Killed Urug
 30235 | Orc:2    | Noticed Josephine
 30265 | Orc:1    | Killed Josephine
 30265 | Orc:1    | Reached ***** piety under Kikubaaqudgha
 31197 | Orc:2    | HP: 4/106 [sixfirhy[an orc high priest] (10)]
 31198 | Orc:2    | Mangled by a sixfirhy

Vault maps used:
D:1:      lemuel_arrival_river_ford
D:2:      uniq_natasha
D:3:      ebering_ghost_reflecting_pool, nicolae_tso_swordbearing_angel
D:4:      first_ration, kennysheep_small_spiral
D:5:      xom_teletrap_fun
D:6:      minmay_temple_entry_fiery
D:7:      uniq_menkaure, uniq_crazy_yiuf_cottage
D:8:      minmay_lair_entry_lava, gammafunk_ghost_mausoleum
D:9:      gammafunk_temple_overflow_forgotten, uniq_maurice, uniq_grum
D:10:     grunt_livestock
D:11:     minmay_klotski, library_closet, nrook_mini_vaults, uniq_snorg,
          uniq_harold
D:12:     kennysheep_orc_monster_closet_entryway, serial_shops, shop,
          uniq_rupert
Temple:   regret_index_temple_mists
Lair:1:   serial_forest, infiniplex_forest_3_way, infiniplex_forest_diagonal,
          infiniplex_forest_clump_small, infiniplex_forest_straight_4,
          infiniplex_forest_clump_tiny, infiniplex_forest_clump_double,
          infiniplex_forest_clump_double, infiniplex_forest_clump_long,
          infiniplex_forest_clump_C, infiniplex_forest_lined_3,
          dpeg_stationary_puzzle, infiniplex_staircase_pool, uniq_nergalle
Lair:2:   nicolae_volcano_entry_lava_flow, minivault_23, lemuel_fruit_tree,
          grunt_megastairs_4
Lair:3:   infiniplex_staircase_pool_2
Lair:4:   swamp_mist_pool, spider_nest_entry_webs, lab_entry_generic
Lair:5:   st_stairs_8, wad_woods_river_01
Lair:6:   grunt_lair_end_beastmaster, dpeg_slime_entry_corner, ldierk_geyser,
          minivault_19
Orc:1:    cheibrodos_orc_guarddog, portal_ice_cave_entry_pillars_2, bloody_trog
Orc:2:    st_orc_congregation, okawaru_metal_pillars_1_2, uniq_urug,
          uniq_josephine
Lab:      nicolae_lab_dead_adventurers, nicolae_lab_dead_end,
          nicolae_lab_very_dead_end, labyrinth_fake_exit, nicolae_lab_big_swirl,
          nicolae_lab_t_cross

Skill      XL: |  1  2  3  4  5  6  7  8  9 10 11 12 13 |
---------------+----------------------------------------+-----
Spellcasting   | 3 4 5 7 10 11 12 13 | 13.0
Fighting       | 1 2 3 4 5 7 10 11 | 11.2
Stealth        | 2 |  2.0
Dodging        | 2 5 7 |  7.0
Necromancy     | 5 6 7 9 10 11 12 13 | 13.0
Translocations | 1 2 |  2.0
Armour         | 2 5 |  5.0
Evocations     | 1 3 5 |  5.0
Slings         | 3 6 |  6.0

Action                   |  1- 3 |  4- 6 |  7- 9 | 10-12 | 13-15 || total
-------------------------+-------+-------+-------+-------+-------++-------
Melee: Unarmed           |     6 |       |       |       |       ||     6
       Whip              |    14 |       |    28 |       |       ||    42
       Spear             |       |       |    16 |    63 |    25 ||   104
       Hunting sling     |       |       |       |     1 |     2 ||     3
       Trident           |       |       |       |    68 |     5 ||    73
       Dagger            |       |       |       |    74 |    40 ||   114
 Fire: Hunting sling     |    18 |   132 |   395 |   614 |   336 ||  1495
 Cast: Pain              |    70 |    10 |    10 |    14 |       ||   104
       Animate Skeleton  |    19 |    12 |     9 |    33 |    15 ||    88
       Animate Dead      |       |     2 |     5 |    21 |    15 ||    43
       Vampiric Draining |       |     1 |    43 |   141 |    52 ||   237
       Agony             |       |       |       |    43 |     1 ||    44
       Death Channel     |       |       |       |     3 |       ||     3
       Dispel Undead     |       |       |       |       |     4 ||     4
Invok: Receive Corpses   |       |       |       |     5 |     7 ||    12
Evoke: Wand              |       |       |       |    13 |       ||    13
  Use: Scroll            |     1 |       |    16 |    21 |     8 ||    46
 Stab: Paralysed         |       |       |       |    12 |       ||    12
Armor: Robe              |    18 |     6 |     5 |    66 |    89 ||   184
       Leather armour    |       |       |    56 |   137 |       ||   193
       Ring mail         |       |       |       |   258 |       ||   258
Dodge: Dodged            |    64 |    38 |   158 |   631 |   216 ||  1107

Table legend:
 A = Spawn XP
 B = Non-spawn XP
 C = Spawn XP percentage of total XP
 D = Spawn monster count
 E = Non-spawn monster count
 F = Spawn count percentage of total count
 G = Total turns spent on level
                    A         B        C        D         E        F      G
               +---------+---------+-------+---------+---------+-------+---------
         Total |       0 |   63469 |   0.0 |       0 |     477 |   0.0 | 31198
               +---------+---------+-------+---------+---------+-------+---------
           D:1 |       0 |      63 |   0.0 |       0 |      37 |   0.0 |  1582
           D:2 |       0 |     256 |   0.0 |       0 |      30 |   0.0 |   825
           D:3 |       0 |      74 |   0.0 |       0 |      22 |   0.0 |   609
           D:4 |       0 |     179 |   0.0 |       0 |       8 |   0.0 |   877
           D:5 |       0 |     660 |   0.0 |       0 |      13 |   0.0 |   924
           D:6 |       0 |     671 |   0.0 |       0 |      17 |   0.0 |  1399
           D:7 |       0 |     684 |   0.0 |       0 |      18 |   0.0 |  1296
           D:8 |       0 |    4048 |   0.0 |       0 |      30 |   0.0 |  2716
           D:9 |       0 |    1957 |   0.0 |       0 |      22 |   0.0 |  2012
          D:10 |       0 |    2972 |   0.0 |       0 |      23 |   0.0 |  2098
          D:11 |       0 |    1455 |   0.0 |       0 |      13 |   0.0 |   832
          D:12 |       0 |    7054 |   0.0 |       0 |      49 |   0.0 |  1318
        Lair:1 |       0 |    5610 |   0.0 |       0 |      26 |   0.0 |  2501
        Lair:2 |       0 |    3246 |   0.0 |       0 |      23 |   0.0 |  1743
        Lair:3 |       0 |    3522 |   0.0 |       0 |      14 |   0.0 |  1234
        Lair:4 |       0 |    3090 |   0.0 |       0 |      10 |   0.0 |  1336
        Lair:5 |       0 |    9479 |   0.0 |       0 |      27 |   0.0 |  3362
        Lair:6 |       0 |    6828 |   0.0 |       0 |      20 |   0.0 |  2141
         Orc:1 |       0 |    2762 |   0.0 |       0 |      27 |   0.0 |  1040
         Orc:2 |       0 |    8104 |   0.0 |       0 |      47 |   0.0 |   805
           Lab |       0 |     755 |   0.0 |       0 |       1 |   0.0 |   340
               +---------+---------+-------+---------+---------+-------+---------
